 Dungeon Crawl Stone Soup version 0.29.1-13-g9f3cf754e1 (webtiles) character file.

Game seed: 5533707737475388040

35 FexLirch the Insei (level 3, -3/27 HPs)
             Began as a Djinni Transmuter on Jan 19, 2023.
             Slain by an orc
             ... wielding a +0 whip
              (4 damage)
             ... on level 3 of the Dungeon.
             The game lasted 00:02:19 (1684 turns).

FexLirch the Insei (Djinni Transmuter)              Turns: 1684, Time: 00:02:20

Health: -3/27      AC:  2    Str:  9    XL:     3   Next: 55%
Gold:   57         EV: 12    Int: 22    God:
                   SH:  0    Dex: 13

rFire   + + .      SeeInvis .     - Unarmed
rCold   x . .      Faith    .   (no shield)
rNeg    . . .      Spirit   .   a - +0 robe
rPois   ∞          Reflect  .   (no helmet)
rElec   .          Harm     .   (no cloak)
rCorr   .          Rampage  .   (no gloves)
Will    .....                   (boots unavailable)
Stlth   +.........              (no amulet)
HPRegen 0.09/turn               i - +6 ring of intelligence
MPRegen 0.00/turn               (no ring)

@: wereblooded, flying, very slightly contaminated
A: sickness immunity, fire resistance 2, cold vulnerability 1, float, innate
caster, HP casting, extra vitality 1
a: no special abilities


You were on level 3 of the Dungeon.
You visited 1 branch of the dungeon, and saw 3 of its levels.

You collected 57 gold pieces.

Inventory:

Armour
 a - a +0 robe (worn)
 f - a +2 hat
Jewellery
 i - a +6 ring of intelligence (left hand)
Scrolls
 c - a scroll of identify {unknown}
 e - 2 scrolls of noise {unknown}
 g - 2 scrolls of amnesia {unknown}
 h - 3 scrolls of teleportation {unknown}
 j - a scroll of enchant armour {unknown}
 k - a scroll of vulnerability {unknown}
 m - a scroll of silence {unknown}
 n - a scroll of fear {unknown}
Potions
 b - a potion of lignification
 d - a potion of curing {unknown}
 l - a potion of might {unknown}


   Skills:
 - Level 1.0 Fighting
 - Level 2.1 Dodging
 - Level 3.0 Unarmed Combat
 + Level 2.8 Spellcasting


You couldn't memorise any spells.
You knew the following spells:

 Your Spells              Type           Power      Damage    Failure   Level
a - Beastly Appendage     Tmut           30%        N/A       4%          1
b - Wereblood             Tmut           15%        N/A       6%          2
c - Spider Form           Tmut/Pois      15%        N/A       12%         3
d - Ice Form              Ice/Tmut       15%        N/A       36%         4
e - Freeze                Ice            60%        1d8       4%          1
Your spell library was empty.

Dungeon Overview and Level Annotations

Branches:
Dungeon (3/15)

Altars:

Shops:
D:1 *


Innate Abilities, Weirdness & Mutations

You are immune to sickness and miasma.
You are immune to poison.
Your flesh is very heat resistant. (rF++)
You are vulnerable to cold. (rC-)
You float through the air rather than walking.
You learn spells naturally, not from books.
Your magical power is your life essence.
You have superior vitality. (+4 MHP)


Message History

Press: ? - help, Shift-Dir - straight line, f - orc
Aim: an orc, wielding a +0 flail (severely wounded)
Okay, then.
Unknown command.
Unknown command.
Casting: Freeze (safe; 4% risk of failure)
Confirm with . or Enter, or press ? or * to list all spells.
Aiming: Freeze (safe; 4% risk of failure)
Press: ? - help, Shift-Dir - straight line, f - orc
Aim: an orc, wielding a +0 flail (severely wounded)
Okay, then.
Unknown command.
Casting: Freeze (safe; 4% risk of failure)
Confirm with . or Enter, or press ? or * to list all spells.
Aiming: Freeze (safe; 4% risk of failure)
Press: ? - help, Shift-Dir - straight line, f - orc
Aim: an orc, wielding a +0 flail (severely wounded)
You freeze the orc!
You feel a bit better.
You kill the orc!
* * * LOW HITPOINT WARNING * * *
Casting: Freeze (safe; 4% risk of failure)
Confirm with . or Enter, or press ? or * to list all spells.
Aiming: Freeze (safe; 4% risk of failure)
Press: ? - help, Shift-Dir - straight line, f - orc
Aim: an orc, wielding a +0 whip (heavily wounded)
You freeze the orc.
The orc is almost dead.
* * * LOW HITPOINT WARNING * * *
The orc hits you but does no damage.
Casting: Freeze (safe; 4% risk of failure)
Confirm with . or Enter, or press ? or * to list all spells.
Aiming: Freeze (safe; 4% risk of failure)
Press: ? - help, Shift-Dir - straight line, f/p - orc
Aim: an orc, wielding a +0 whip (almost dead)
You miscast Freeze.
You are very lightly contaminated with residual magic.
Nothing appears to happen.
* * * LOW HITPOINT WARNING * * *
The orc hits you with a +0 whip.
You die...

.........#.##.#####.###
.......................#
........###.#.#####.##.#
..........#.#.# #.# #
.......##.#.#.#####.#
..........#.#.##.....
###'##.####.#.##.####
#.##..#...#.##.####
#.##..#.###.##@##.#
#.##..........o##.#
#.##..#.###...o...#
#.##....# #.#####.#
#.###.#.#########.# #.#
#.#...........o.o.o.#
#.#
#.............#####.#
#.# ###.########### #.#
#.#


You could see 2 orcs.

Vanquished Creatures
  An adder (D:2)
  2 orcs (D:3)
  2 endoplasms
  5 goblins
  3 hobgoblins (D:2)
  A quokka (D:2)
  5 ball pythons (D:2)
  3 frilled lizards
  2 rats (D:1)
24 creatures vanquished.

Notes
Turn   | Place    | Note
-------+----------+-------------------------------------------
     0 | D:1      | FexLirch the Djinni Transmuter began the quest for the Orb.
     0 | D:1      | FexLirch set off with the following spells memorised:
                  | Beastly Appendage, Wereblood, Spider Form, Ice Form.
     0 | D:1      | Reached XP level 1. HP: 17/17 MP: 0/0
    72 | D:1      | Found Cup Feek's General Store.
   430 | D:2      | Reached XP level 2. HP: 22/22 MP: 0/0
   915 | D:2      | Reached XP level 3. HP: 26/27 MP: 0/0
   915 | D:2      | Learned a level 1 spell: Freeze
  1684 | D:3      | Slain by an orc

Illustrated notes

Levels and vault maps discovered:
D:1:      dpeg_arrival_another_circle, layout_basic, serial_shops,
          nicolae_shop_crystal, minmay_close_crescents
D:2:      layout_loops_ring
D:3:      layout_basic, nemelex_spade_bored_becter, uniq_natasha

Skill      XL: |  1 |
---------------+----+-----
Spellcasting   | 2 |  2.8
Fighting       | |  1.0
Dodging        | |  2.1
Unarmed Combat | |  3.0

Action                   || total
-------------------------++-------
Melee: Unarmed           ||    73
       Headbutt          ||    13
       Punch             ||     1
 Cast: Beastly Appendage ||    23
       Wereblood         ||    11
       Freeze            ||     2
 Stab: Sleeping          ||     2
Armor: Robe              ||    12
Dodge: Dodged            ||    32
